Map: King's Cove LE

Players

Epic

  • Race: Terran Terran
  • League: Grandmaster
  • Spawn Location: 5:00

ExpecT - Winner!

  • Race: Terran Terran
  • Spawn Location: 11:00

Event: 2019 WCS Winter Americas

VOD

Have the link to the VOD?

Description

Time

  • Played on: Feb. 1, 2019, 3:02 p.m.
  • Length: 6:42

All games in this series

Show
View Real Time Build Order
Export as new Build Order

Epic Terran 

Build Orders: Liberator Opening 

Get SALT Encoding   

  12  0:00  SCV  
  13  0:12  SCV  
  14  0:17  Supply Depot  
  14  0:24  SCV  
  15  0:29  Refinery  
  15  0:39  SCV  
  16  0:45  Barracks  
  16  0:51  SCV  
  17  1:02  Barracks  
  17  1:07  SCV  
  18  1:14  Refinery  
  18  1:19  SCV  
  19  1:32  Reaper  
  20  1:34  Orbital Command  
  20  1:48  Reaper  
  21  1:54  Factory  
  21  2:00  SCV  
  22  2:05  Reaper  
  23  2:10  Supply Depot  
  23  2:32  SCV, Reaper  
  25  2:37  Reaper  
  25  2:39  Hellion  
  28  2:46  SCV  
  28  2:47  Starport  
  29  2:52  Supply Depot  
  30  3:02  Hellion  
  31  3:14  SCV, Reaper x2  
  34  3:23  Medivac  
  34  3:24  Hellion  
  38  3:27  SCV  
  38  3:28  Supply Depot  
  35  3:49  SCV  
  35  3:50  Liberator  
  35  3:53  Command Center  
  35  4:00  Reaper x2  
  35  4:01  Factory Tech Lab  
  33  4:09  SCV  
  37  4:21  SCV  
  38  4:25  Cyclone  
  38  4:30  Supply Depot  
  41  4:33  SCV  
  42  4:45  SCV  
  43  4:50  Viking  
  39  4:54  Marine  
  34  5:04  SCV  
  25  5:20  SCV  
  21  5:27  Orbital Command  
  21  5:33  SCV  
  22  5:42  Marine x2  
  22  5:47  SCV  
  25  5:59  SCV x2  
  27  6:11  SCV x2  
  29  6:23  SCV x2  
Show
View Real Time Build Order
Export as new Build Order

ExpecT Terran - Winner!

Build Orders: Liberator Opening 

Get SALT Encoding   

  12  0:01  SCV  
  13  0:13  SCV  
  14  0:18  Supply Depot  
  14  0:25  SCV  
  15  0:29  Refinery  
  15  0:40  SCV  
  16  0:46  Barracks  
  16  0:52  SCV  
  17  1:04  SCV  
  18  1:16  SCV  
  20  1:33  Orbital Command  
  20  1:34  Reaper  
  20  1:48  Command Center  
  20  1:59  Factory  
  20  2:02  SCV  
  21  2:08  Barracks Reactor  
  21  2:12  Refinery  
  21  2:14  SCV  
  22  2:20  Supply Depot  
  22  2:26  SCV  
  23  2:42  SCV  
  24  2:47  Starport  
  23  2:52  Hellion x2  
  23  2:56  Marine  
  28  3:03  Orbital Command  
  28  3:08  SCV  
  28  3:11  Liberator  
  29  3:16  Hellion  
  32  3:21  Hellion  
  33  3:31  Marine  
  37  3:35  SCV  
  36  3:53  Hellion x2  
  40  3:58  SCV x2  
  42  4:03  Barracks Tech Lab  
  42  4:09  Supply Depot  
  42  4:10  SCV x2  
  46  4:19  Viking  
  46  4:30  SCV x2  
  48  4:31  Marine x2  
  48  4:32  Cyclone  
  48  4:35  Supply Depot  
  50  4:57  SCV x2  
  48  5:01  Marine x2  
  48  5:09  SCV  
  44  5:14  Cyclone  
  44  5:18  Liberator  
  44  5:19  Marine x2  
  44  5:21  SCV x2  
  44  5:38  SCV x2  
  49  5:43  Marine x2  
  51  5:50  SCV x2  
  51  5:51  Supply Depot  
  51  5:53  Siege Tank  
  56  6:02  Barracks  
  56  6:03  SCV, Barracks  
  58  6:04  SCV  
  58  6:07  Marine x2  
  60  6:15  SCV  
  60  6:16  SCV  
  62  6:30  SCV  
Tags
 
Add a new tag
Caveats
  • Supply blocks, unpowered buildings, or Contaminate may cause inaccurate times.
  • Supply counts are checked every 10 seconds.